 Dungeon Crawl Stone Soup version 0.29-a0-837-g174bc33265 (webtiles) character file.

Game seed: 9002390636774213843

54 Garessta the Trooper (level 3, 0/30 HPs)
             Began as a Demonspawn Fighter on July 12, 2022.
             Slain by a gnoll
             ... wielding a +0 flail
              (4 damage)
             ... on level 3 of the Dungeon.
             The game lasted 00:02:45 (1744 turns).

Garessta the Trooper (Demonspawn Fighter)           Turns: 1744, Time: 00:02:46

Health: 0/30       AC:  7    Str: 18    XL:     3   Next: 66%
Magic:  3/3        EV:  9    Int:  9    God:
Gold:   32         SH:  4    Dex: 12    Spells: 2/2 levels left

rFire   . . .      SeeInvis .   a - +0 flail
rCold   . . .      Faith    .   c - +0 buckler
rNeg    . . .      Spirit   .   b - +0 scale mail
rPois   .          Reflect  .   (no helmet)
rElec   .          Harm     .   (no cloak)
rCorr   .          Rampage  .   (no gloves)
Will    .....                   h - +0 pair of boots
Stlth   ..........              (no amulet)
HPRegen 0.10/turn               (no ring)
MPRegen 0.08/turn               (no ring)

@: no status effects
A: claws 1
a: no special abilities


You were on level 3 of the Dungeon.
You visited 1 branch of the dungeon, and saw 3 of its levels.

You collected 32 gold pieces.

Inventory:

Hand Weapons
 a - a +0 flail (weapon)
Missiles
 e - 2 javelins (quivered)
Armour
 b - a +0 scale mail (worn)
 c - a +0 buckler (worn)
 h - a +0 pair of boots (worn)
Scrolls
 f - a scroll of poison {unknown}
 g - 2 scrolls of identify {unknown}
 j - a scroll of teleportation {unknown}
 k - a scroll of silence {unknown}
Potions
 d - 2 potions of might
 i - a potion of mutation {unknown}
 l - a potion of heal wounds {unknown}
 m - a potion of brilliance {unknown}


   Skills:
 + Level 3.9 Fighting
 + Level 2.9 Maces & Flails
 - Level 2.6 Armour
 - Level 2.6 Shields


You had 2 spell levels left.
You didn't know any spells.
Your spell library contained the following spells:

 Spells                   Type           Power      Damage    Failure   Level
 Airstrike                Air            0%         0-1+      100%        4
 Summon Lightning Spire   Summ/Air       0%         N/A       100%        4
 Lightning Bolt           Conj/Air       0%         1d11      100%        5


Dungeon Overview and Level Annotations

Branches:
Dungeon (3/15)

Altars:

Shops:
D:2 =*


Innate Abilities, Weirdness & Mutations

You have sharp fingernails.


Message History

A bat is nearby!
The bat hits you but does no damage.
You closely miss the bat. The bat hits you but does no damage. x3
You barely miss the bat. The bat hits you but does no damage.
The bat closely misses you. The bat closely misses you.
A gnoll comes into view. It is wielding a +0 spear.
The gnoll shouts!
The bat hits you.
The gnoll moves out of view.
A gnoll comes into view. It is wielding a +0 flail.
The bat barely misses you.
You closely miss the bat. You block the bat's attack.
The bat hits you but does no damage.
You sock the bat!
You kill the bat!
A gnoll comes into view. It is wielding a +0 halberd.
The gnoll hits you with a +0 flail!
You are too injured to fight recklessly!
You are too injured to fight recklessly!
You are too injured to fight recklessly!
The gnoll attacks as you move away! The gnoll hits you but does no damage.
The gnoll shouts!
You see here a bat corpse.
The gnoll attacks as you move away! The gnoll hits you with a +0 flail!
* * * LOW HITPOINT WARNING * * *
The gnoll attacks as you move away! The gnoll barely misses you.
A gnoll comes into view. It is wielding a +0 halberd.
The gnoll shouts!
There is a stone staircase leading down here.
You see here a worm corpse.
You block the gnoll's attack.
You climb downwards.
Found a stone staircase leading down.
There is a stone staircase leading up here.
You closely miss the gnoll. The gnoll barely misses you.
The gnoll hits you with a +0 flail.
* * * LOW HITPOINT WARNING * * *
You closely miss the gnoll. The gnoll completely misses you.
You closely miss the gnoll. The gnoll hits you with a +0 flail.
You die...

#.#..#...#
.........# #
.....#...#.#
.........#.#
.
.........##..
...........
#.........
#.@g......
##....#...
#....# .....#
.....#
#..##.# #..#
.# #... >#


You could see a gnoll.

Vanquished Creatures
  An adder (D:2)
  2 worms (D:2)
  A dart slug (D:1)
  3 endoplasms
  2 goblins
  4 hobgoblins
  2 jackals (D:1)
  4 kobolds (D:1)
  3 quokkas (D:1)
  3 ball pythons (D:1)
  5 bats
  2 frilled lizards
  3 rats
35 creatures vanquished.

Notes
Turn   | Place    | Note
-------+----------+-------------------------------------------
     0 | D:1      | Garessta the Demonspawn Fighter began the quest for the
                  | Orb.
     0 | D:1      | Reached XP level 1. HP: 18/18 MP: 1/1
   217 | D:1      | Gained mutation: You have sharp fingernails. [demonic
                  | ancestry]
   217 | D:1      | Reached XP level 2. HP: 24/24 MP: 2/2
   556 | D:1      | Found a faded altar of an unknown god.
   807 | D:1      | Reached XP level 3. HP: 29/29 MP: 3/3
  1259 | D:2      | Found Zeus's Magic Scroll Shoppe.
  1698 | D:2      | Found Bathryn's General Store.
  1699 | D:2      | Found Qesebid's Jewellery Emporium.
  1744 | D:3      | Slain by a gnoll

Illustrated notes

Levels and vault maps discovered:
D:1:      shiori_arrival_elements, layout_basic, chequers_ecumenical_altar_grove
D:2:      layout_basic, serial_shops, shop,
          nicolae_shop_temple_entry_statues_fountains, shop, shop_statue
D:3:      layout_basic, roderic_serpentine_path

Skill      XL: |  1 |
---------------+----+-----
Maces & Flails | 2 |  2.9
Fighting       | |  3.9
Armour         | |  2.6
Shields        | |  2.6

Action                   || total
-------------------------++-------
Melee: Flail             ||   108
Armor: Scale mail        ||    42
Dodge: Dodged            ||    42
Block: Buckler           ||    30

Table legend: (Time is in decaauts)
 A = Elapsed time spent in this place.
 B = Non-inter-level travel time spent in this place.
 C = Inter-level travel time spent in this place.
 D = Time resting spent in this place.
 E = Time spent auto-exploring this place.
 F = Levels seen in this place.
 G = Mean time per level.
                   A        B        C        D        E       F      G
               +--------+--------+--------+--------+--------+-----+--------+
         Total |   1780 |   1746 |     34 |    140 |   1305 |   3 |  593.3 |
       Dungeon |   1780 |   1746 |     34 |    140 |   1305 |   3 |  593.3 |
               +--------+--------+--------+--------+--------+-----+--------+

Top non-repeatable levels by time:
     D:1: 1162 daAuts
     D:2: 614 daAuts
     D:3: 3 daAuts
